AoeStats
← Noir_Angel

Golden Pit

510148119Analyzed
1v1 RM · 2d ago on Sep 29, 2026· 85m 9s· 2 players
Game mode
Random Map
Map size
Tiny (2 player)
Population
200
Speed
Normal
Resources
Standard
Victory
Conquest
Starting age
Dark Age
Ending age
Imperial Age
RankedLock teamsTeams togetherTeam positionsShared explorationLock speedFull tech treeHidden civsTurbo modeCheats
Victory
Defeat
🇩🇪 Saxons · Germany
993
+17
🇨🇭 Vietnamese · Switzerland
1025
-17
Noir_Angel
6:54 Loom
10:04 Feudal Age
10:33 Man-at-Arms
12:54 Double-Bit Axe
15:40 Fletching
16:33 Arson
17:19 Scale Mail Armor
17:49 Horse Collar
18:51 Padded Archer Armor
24:27 Castle Age
24:55 Elite Skirmisher
25:33 Bodkin Arrow
25:58 Bow Saw
26:35 Leather Archer Armor
26:16 Gold Mining
26:28 Heavy Plow
31:21 Wheelbarrow
31:34 Gambesons
31:49 Squires
33:20 Chain Mail Armor
39:27 Imperial Age
37:57 Town Watch
38:29 Hand Cart
39:21 Ballistics
40:47 Bracer
42:01 Conscription
41:43 Pikeman
42:39 Forging
47:57 Chemistry
47:05 Siege Engineers
47:21 Guilds
50:52 Halberdier
52:46 Plate Mail Armor
52:52 Iron Casting
53:15 Elite Varangian Guard
55:37 Ring Archer Armor
62:35 Shield Wall
76:40 Capped Ram
77:54 Siege Ram
78:18 Elite Hearth Troop
84:03 Fortified Wall
84:52 Crop Rotation
Ganoso
6:04 Loom
9:37 Feudal Age
10:25 Double-Bit Axe
16:27 Fletching
24:46 Castle Age
24:46 Gold Mining
24:45 Horse Collar
26:10 Wheelbarrow
24:58 Crossbowman
26:02 Bodkin Arrow
27:37 Bloodlines
27:05 Elite Skirmisher
33:03 Bow Saw
38:11 Heavy Plow
42:32 Imperial Age
40:47 Arson
41:54 Forging
43:13 Hand Cart
43:21 Ballistics
42:58 Murder Holes
42:43 Treadmill Crane
42:35 Light Cavalry
43:16 Husbandry
44:41 Two-Man Saw
46:51 Iron Casting
46:35 Bracer
46:37 Arbalester
48:14 Onager
49:20 Imperial Skirmisher
50:51 Elite Battle Elephant
55:57 Chemistry
57:42 Scale Barding Armor
57:39 Chatras
58:14 Hoardings
58:11 Padded Archer Armor
61:49 Leather Archer Armor
66:30 Thumb Ring
77:41 Crop Rotation
81:53 Capped Ram
Connection lost

Rejoining the realm…

Still unreachable

The connection could not be restored.

Session expired

The server has moved on; the page needs a fresh start.